 Dungeon Crawl Stone Soup version 0.26.1-11-gd32895ea62 (webtiles) character file.

Game seed: 2304196553320499351

4960 Zeld the Slicer (level 10, -2/60 HPs)
             Began as an Octopode Brigand on May 13, 2021.
             Was a Believer of Fedhas.
             Slain by a yak (15 damage)
             ... on level 9 of the Dungeon.
             The game lasted 00:22:32 (13933 turns).

Zeld the Slicer (Octopode Brigand)                 Turns: 13933, Time: 00:22:33

Health: -2/60      AC:  1    Str: 13    XL:     10   Next: 53%
Magic:  23/23      EV: 13    Int: 14    God:    Fedhas [**....]
Gold:   494        SH:  0    Dex: 14    Spells: 28/28 levels left

rFire    . . .     SeeInvis .   a - +2 short sword (freeze)
rCold    . . .     Faith    .   (no shield)
rNeg     . . .     Spirit   .   (helmet restricted)
rPois    .         Reflect  .   k - amulet of regeneration
rElec    .         Harm     .   m - ring of resist corrosion
rCorr    +         Rampage  .   (no ring)
Will     .....                  (no ring)
Stlth    ++++......             (no ring)
HPRegen  0.60/turn              (no ring)
MPRegen  0.18/turn              (no ring)
                                (no ring)
                                (no ring)

@: no status effects
A: almost no armour, stealthy swim, amphibious, 8 rings, constrict 8, camouflage
1, gelatinous body 1
a: Renounce Religion, Wall of Briars


You were on level 9 of the Dungeon.
You worshipped Fedhas.
Fedhas was pleased with you.
You visited 2 branches of the dungeon, and saw 10 of its levels.
You also visited: Sewer.

You collected 620 gold pieces.
You spent 126 gold pieces at shops.

Inventory:

Hand Weapons
 a - a +2 short sword of freezing (weapon)
 e - a +2 short sword
Missiles
 b - 76 poisoned darts (quivered)
 c - 2 curare-tipped darts
Jewellery
 k - an amulet of regeneration (around mantle)
 m - a ring of resist corrosion (left tentacle)
Wands
 j - a wand of polymorph (10)
 p - a wand of acid (10)
Scrolls
 f - 2 scrolls of magic mapping
 g - a scroll of enchant armour
 l - 4 scrolls of teleportation
 n - 6 scrolls of remove curse
 o - 2 scrolls of enchant weapon
 r - 3 scrolls of amnesia
Potions
 h - 2 potions of mutation {unknown}
 i - a potion of curing
 q - 2 potions of flight {unknown}
 s - a potion of haste {unknown}
 t - a potion of might {unknown}


   Skills:
 - Level 2.0 Fighting
 * Level 10.9 Short Blades
 - Level 2.0 Throwing
 - Level 1.0 Dodging
 - Level 5.3 Stealth
 * Level 9.8 Spellcasting


You had 28 spell levels left.
You didn't know any spells.
Your spell library contained the following spells:

 Spells                   Type           Power        Failure   Level
 Animate Skeleton         Necr           12%          11%         1
 Apportation              Tloc           12%          11%         1
 Corona                   Hex            6%           11%         1
 Summon Small Mammal      Summ           24%          11%         1
 Call Imp                 Summ           6%           16%         2
 Call Canine Familiar     Summ           6%           32%         3
 Summon Guardian Golem    Hex/Summ       6%           32%         3
 Summon Ice Beast         Ice/Summ       6%           71%         4
 Summon Lightning Spire   Summ/Air       6%           71%         4


Dungeon Overview and Level Annotations

Branches:
Dungeon (9/15)             Temple (1/1) D:4            Lair (0/6) D:9
  Sewer (visited)
    Orc: D:9-12

Altars:
Ashenzari
Cheibriados
Dithmenos
Elyvilon
Fedhas
Gozag
Hepliaklqana
Kikubaaqudgha
Makhleb
Nemelex Xobeh
Okawaru
Qazlal
Sif Muna
Trog
Uskayaw
Vehumet
Wu Jian
Xom
Yredelemnul
Zin
The Shining One

Shops:
D:6 [   D:8 ?


Innate Abilities, Weirdness & Mutations

You cannot wear most types of armour.
You are very stealthy in the water. (Stealth+)
You are amphibious.
You can wear up to eight rings at the same time.
You can use your tentacles to constrict eight enemies at once.
Your skin changes colour to match your surroundings (Stealth+).
Your rubbery body absorbs attacks. (AC +1, EV +1)


Message History

You are too injured to fight recklessly!
You hit the yak. You freeze the yak.
The yak is moderately wounded.
The yak barely misses you.
You barely miss the yak.
The yak is moderately wounded.
You hit the yak. You freeze the yak.
The yak is heavily wounded.
The yak closely misses you.
You hit the yak. You freeze the yak.
The yak is severely wounded.
The yak gores you!
* * * LOW HITPOINT WARNING * * *
You hit the yak but do no damage. Your squeeze misses the yak.
The yak is severely wounded.
You hit the yak. You freeze the yak.
The yak is severely wounded.
The yak gores you!
You die...
Fedhas appreciates your contribution to the ecosystem.

#... #.#.# #...
#.#.# #...###.#.#
#.........#####
#...<.........#.#
#..)......###.#.#
#
##.#..........#.#
#
#.####.#######.#
# # #..@YYY...#
######
######Y..##
.......
..........#######
.######
######...........
.# #.###Y......
.# #. ....... ..#
#. ....... ..# ..
....... ...# ..
.......


You could see 4 yaks.

Vanquished Creatures
  Harold (D:7)
  Pikel (D:6)
  Joseph (D:7)
  Prince Ribbit (D:7)
  A yak (D:9)
  Menkaure (D:5)
  A water moccasin (D:7)
  4 sky beasts
  2 ice beasts
  2 ogres
  A wolf (D:9)
  A centaur (D:5)
  A phantom (D:8)
  2 lemures
  3 bullfrogs
  2 scorpions
  4 jellies
  7 wights
  3 howler monkeys
  An electric eel (D:7)
  2 quasits (D:8)
  7 hounds
  2 bullfrog skeletons
  5 orc wizards
  3 iguanas
  Terence (D:2)
  5 worker ants
  2 hound skeletons
  3 gnolls (D:8)
  20 adders
  5 white imps
  An ufetubus (D:7)
  8 oozes
  An adder skeleton (D:6)
  A worm (D:4)
  2 dart slugs (D:1)
  13 leopard geckos
  13 orcs
  9 giant cockroaches
  8 hobgoblins
  16 jackals
  14 kobolds
  3 quokkas
  8 ball pythons
  3 bats (D:1)
  19 frilled lizards
  8 goblins
  A jackal zombie (D:5)
  A leopard gecko skeleton (D:4)
  A quokka zombie (D:5)
  6 rats
231 creatures vanquished.

Notes
Turn   | Place    | Note
-------+----------+-------------------------------------------
     0 | D:1      | Zeld the Octopode Brigand began the quest for the Orb.
     0 | D:1      | Reached XP level 1. HP: 14/14 MP: 1/1
   136 | D:1      | Reached XP level 2. HP: 19/19 MP: 3/3
   159 | D:1      | Reached skill level 1 in Spellcasting
   761 | D:1      | Reached XP level 3. HP: 17/24 MP: 5/5
  1059 | D:1      | Reached skill level 3 in Short Blades
  1492 | D:2      | Noticed Terence
  1508 | D:2      | Killed Terence
  1509 | D:2      | Reached XP level 4. HP: 19/29 MP: 5/7
  2398 | D:2      | Reached XP level 5. HP: 34/34 MP: 9/9
  2902 | D:3      | Reached skill level 4 in Short Blades
  3591 | D:4      | Found a staircase to the Ecumenical Temple.
  3731 | D:4      | Found a glowing drain.
  3741 | Sewer    | Entered a sewer
  3760 | Sewer    | Reached XP level 6. HP: 39/39 MP: 11/11
  4286 | Sewer    | Reached skill level 5 in Short Blades
  4455 | Temple   | Entered the Ecumenical Temple
  4547 | Temple   | Became a worshipper of Fedhas Madash
  4916 | D:4      | Reached XP level 7. HP: 45/45 MP: 13/13
  5456 | D:5      | Entered Level 5 of the Dungeon
  5470 | D:5      | Noticed Menkaure
  6280 | D:5      | Killed Menkaure
  6281 | D:5      | Reached skill level 6 in Short Blades
  6281 | D:5      | Reached skill level 5 in Spellcasting
  6507 | D:5      | Reached XP level 8. HP: 48/50 MP: 16/16
  6876 | D:5      | Reached * piety under Fedhas
  7360 | D:5      | Reached skill level 7 in Short Blades
  7852 | D:6      | Found Zarue's Armour Boutique.
  7982 | D:6      | Noticed Pikel
  9222 | D:6      | Killed Pikel
  9223 | D:6      | Reached skill level 8 in Short Blades
  9223 | D:6      | Reached XP level 9. HP: 17/54 MP: 17/19
  9436 | D:7      | Noticed Harold
  9601 | D:7      | Killed Harold
  9602 | D:7      | Reached skill level 9 in Short Blades
  9891 | D:7      | Reached ** piety under Fedhas
 10002 | D:7      | Noticed Joseph
 10041 | D:7      | Killed Joseph
 10865 | D:7      | Reached XP level 10. HP: 60/60 MP: 22/22
 11265 | D:7      | Noticed Prince Ribbit
 11283 | D:7      | Killed Prince Ribbit
 11284 | D:7      | Reached skill level 10 in Short Blades
 12188 | D:8      | Found Xahizyps's Magic Scroll Shoppe.
 12196 | D:8      | Bought a scroll of identify for 22 gold pieces
 12196 | D:8      | Bought a scroll of amnesia for 38 gold pieces
 12196 | D:8      | Bought a scroll of teleportation for 33 gold pieces
 12196 | D:8      | Bought a scroll of remove curse for 33 gold pieces
 13362 | D:9      | Found a staircase to the Lair.
 13933 | D:9      | Slain by a yak

Illustrated notes

Levels and vault maps discovered:
D:1:      eino_arrival_tree_alley, layout_basic, st_stairs_11,
          chequers_serial_rivers_large_b
D:2:      layout_loops_corners, uniq_terence
D:3:      layout_basic
D:4:      layout_gridville, minmay_temple_entry_trees, portal_sewer_entry_d
D:5:      layout_basic, minmay_misc_feat_ornament,
          minmay_misc_feat_four_crosses, uniq_menkaure
D:6:      layout_basic, serial_shops,
          nicolae_shop_temple_entry_statues_fountains, uniq_pikel
D:7:      layout_layer_cave, serial_rivers, chequers_serial_rivers_micro_a,
          chequers_serial_rivers_room_b, chequers_serial_rivers_micro_e,
          chequers_serial_rivers_micro_e, chequers_serial_rivers_micro_a,
          kennysheep_donut, minmay_a_box_with_orc_wizards_in_it, uniq_harold,
          uniq_joseph, uniq_prince_ribbit1
D:8:      layout_basic, serial_shops, shop_statue, grunt_ministairs_4
D:9:      layout_basic, nicolae_ru_path_of_blood, erik_lair_island
Temple:   regret_index_temple_sigil_plot

Skill      XL: |  1  2  3  4  5  6  7  8  9 10 |
---------------+-------------------------------+-----
Spellcasting   | 1 2 3 4 5 7 8 9 |  9.8
Short Blades   | 3 4 5 6 8 9 10 | 10.9
Fighting       | |  2.0
Throwing       | |  2.0
Dodging        | |  1.0
Stealth        | |  5.3

Action                   |  1- 3 |  4- 6 |  7- 9 | 10-12 || total
-------------------------+-------+-------+-------+-------++-------
Melee: Dagger            |    74 |       |       |       ||    74
       Constrict         |    18 |    25 |    35 |    27 ||   105
       Tentacles         |    15 |    19 |    38 |    40 ||   112
       Short sword       |       |   165 |   188 |   175 ||   528
Throw: Dart              |     7 |       |    58 |    21 ||    86
Evoke: Wand              |       |       |     3 |       ||     3
  Use: Scroll            |       |     8 |    11 |     2 ||    21
       Potion            |       |       |     1 |       ||     1
 Stab: Sleeping          |    10 |    31 |    11 |     5 ||    57
       Distracted        |       |       |     1 |     1 ||     2
Armor: Skin              |     9 |     5 |     6 |    11 ||    31
Dodge: Dodged            |    35 |    95 |    91 |    73 ||   294
